 Dungeon Crawl Stone Soup version 0.25-a0-647-gd602d06ee1 (webtiles) character file.

Game seed: 11292067922540540168, levelgen mode: deterministic

36 lemonriz the Sneak (level 3, -1/18 HPs)
             Began as a Spriggan Assassin on Mar 21, 2020.
             Slain by an adder (5 damage)
             ... on level 2 of the Dungeon.
             The game lasted 00:02:19 (1105 turns).

lemonriz the Sneak (Spriggan Assassin)              Turns: 1105, Time: 00:02:19

Health: -1/18      AC:  3    Str:  7    XL:     3   Next: 19%
Magic:  4/4        EV: 18    Int: 13    God:
Gold:   27         SH:  0    Dex: 17    Spells: 2/2 levels left

rFire    . . .     SeeInvis +   a - +2 dagger
rCold    . . .     Gourm    .   (shield restricted)
rNeg     . . .     Faith    .   b - +0 robe
rPois    .         Spirit   .   (helmet restricted)
rElec    .         Reflect  .   c - +0 cloak
rCorr    .         Harm     .   (gloves unavailable)
MR       .....                  (boots unavailable)
Stlth    +++.......             (no amulet)
HPRegen  0.06/turn              (no ring)
MPRegen  0.09/turn              (no ring)

@: very quick
A: very small, unfitting armour, see invisible, herbivore, speed 3, slow
metabolism 2
a: no special abilities


You were on level 2 of the Dungeon.
You were not hungry.

You visited 1 branch of the dungeon, and saw 2 of its levels.

You collected 27 gold pieces.

Inventory:

Hand Weapons
 a - a +2 dagger (weapon)
Missiles
 d - a poisoned dart (quivered)
 e - 2 curare-tipped darts
Armour
 b - a +0 robe (worn)
 c - a +0 cloak (worn)
Scrolls
 i - a scroll of enchant armour {unknown}
 j - a scroll of immolation {unknown}
 k - 2 scrolls of remove curse {unknown}
Potions
 g - a potion of degeneration {unknown}
 h - a potion of ambrosia {unknown}
Comestibles
 f - a ration


   Skills:
 - Level 1.5 Fighting
 + Level 2.9 Short Blades
 - Level 2.0 Throwing
 + Level 3.0 Dodging
 + Level 6.5 Stealth


You had 2 spell levels left.
You didn't know any spells.
Your spell library was empty.

Dungeon Overview and Level Annotations

Branches:
Dungeon (2/15)

Altars:


Innate Abilities, Weirdness & Mutations

You are very small and have problems with some larger weapons.
You are too small for most types of armour.
You have supernaturally acute eyesight. (SInv)
You are a herbivore.
You cover ground extremely quickly.
You need to consume almost no food.


Message History

The adder looks more healthy.
You feel sick.
Throwing (i - inventory. (/) - cycle)
d - 2 poisoned darts (quivered)
Press: ? - help, Shift-Dir - straight line, f/p - adder
Aim: an adder (severely wounded)
You throw a poisoned dart.
The poisoned dart barely misses the adder.
You hit the adder.
The adder is severely wounded.
The adder barely misses you.
You closely miss the adder.
The adder is severely wounded.
You feel sick.
You are no longer poisoned.
The adder bites you.
* * * LOW HITPOINT WARNING * * *
You hit the adder.
The adder is almost dead.
The adder bites you.
You die...

## ######### #..
#........ ..# #@#
#.# #S# #.#
#.######+######.#
#.##............##
#.##..............
#.##.....).(.†((##
#.######'###...>(.
#(######(# #....†.
#<.....((# #......


You could see an adder.

Vanquished Creatures
  An ooze (D:1)
  A worm (D:2)
  A leopard gecko (D:1)
  2 giant cockroaches (D:1)
  2 goblins (D:1)
  A hobgoblin (D:1)
  4 jackals (D:1)
  5 bats (D:1)
  A frilled lizard (D:2)
  4 kobolds
  7 rats
29 creatures vanquished.

Notes
Turn   | Place    | Note
-------+----------+-------------------------------------------
     0 | D:1      | lemonriz the Spriggan Assassin began the quest for the Orb.
     0 | D:1      | Reached XP level 1. HP: 10/10 MP: 2/2
    75 | D:1      | Reached skill level 6 in Stealth
   138 | D:1      | Reached XP level 2. HP: 12/14 MP: 3/3
   787 | D:1      | Reached XP level 3. HP: 15/18 MP: 4/4
  1105 | D:2      | Slain by an adder

Levels and vault maps discovered:
D:1:      heliophobic_arrival_henge, layout_loops_ring
D:2:      layout_basic, elyvilon_altar_5

Skill      XL: |  1  2  3 |
---------------+----------+-----
Dodging        | 2 3 |  3.0
Stealth        | 6 |  6.5
Fighting       | |  1.5
Short Blades   | |  2.9
Throwing       | |  2.0

Action                   || total
-------------------------++-------
Melee: Dagger            ||    86
Throw: Dart              ||    20
 Stab: Sleeping          ||    11
Armor: Robe              ||    12
Dodge: Dodged            ||    48

Table legend:
 A = Non-vault XP
 B = Vault XP
 C = Vault XP percentage of total XP
 D = Non-vault monster count
 E = Vault monster count
 F = Vault count percentage of total count
                 A         B        C        D         E       F
            +---------+---------+-------+---------+---------+-------
      Total |      52 |       0 |   0.0 |      29 |       0 |   0.0
            +---------+---------+-------+---------+---------+-------
        D:1 |      42 |       0 |   0.0 |      24 |       0 |   0.0
        D:2 |      10 |       0 |   0.0 |       5 |       0 |   0.0
            +---------+---------+-------+---------+---------+-------
